 Dungeon Crawl Stone Soup version 0.29.1-13-g9f3cf754e1 (console) character file.

Game seed: 13632017343538560008

982 om the Magician (level 8, -3/84 HPs)
             Began as a Djinni Conjurer on Jan 24, 2023.
             Slain by a gnoll sergeant
             ... wielding a +4 spear of flaming
              (13 damage)
             ... on level 5 of the Dungeon on Jan 27, 2023.
             The game lasted 00:15:14 (7306 turns).

om the Magician (Djinni Conjurer)                   Turns: 7306, Time: 00:15:14

Health: -3/84      AC: 24    Str:  6    XL:     8   Next: 40%
Gold:   239        EV:  2    Int: 21    God:
                   SH:  0    Dex: 19

rFire   . . .      SeeInvis +   z - +3 dagger (venom)
rCold   . . .      Faith    .   (no shield)
rNeg    . . .      Spirit   .   (body armour currently unavailable)
rPois   ∞          Reflect  .   (helmet currently unavailable)
rElec   .          Harm     .   (cloak currently unavailable)
rCorr   .          Rampage  .   (gloves currently unavailable)
Will    .....      NoTele   +   (boots unavailable)
Stlth   +++.......              (no amulet)
HPRegen 0.24/turn               h - ring of see invisible
MPRegen 0.00/turn               u - +6 ring of dexterity

@: tree-form
A: stationary, stasis, torment immunity, boosted hp, sickness immunity, (fire
resistance 2), (cold vulnerability 1), float, innate caster, HP casting, extra
vitality 1
a: no special abilities


You were on level 5 of the Dungeon.
You were a tree.
You visited 1 branch of the dungeon, and saw 6 of its levels.

You collected 239 gold pieces.

Inventory:

Hand Weapons
 z - a +3 dagger of venom (weapon)
Armour
 B - a +0 leather armour (melded)
Magical Staves
 A - a staff of poison
Jewellery
 h - a ring of see invisible (left branch)
 u - a +6 ring of dexterity (right branch)
Wands
 b - a wand of mindburst (5)
 t - a wand of flame (18)
Scrolls
 c - 5 scrolls of immolation
 g - a scroll of enchant armour
 i - 2 scrolls of enchant weapon
 j - a scroll of magic mapping
 o - a scroll of fear {unknown}
 s - a scroll of poison {unknown}
 w - a scroll of blinking {unknown}
 x - a scroll of torment {unknown}
 y - 2 scrolls of identify {unknown}
Potions
 a - a potion of magic {unknown}
 d - 3 potions of lignification
 e - 2 potions of curing
 f - 2 potions of might {unknown}
 k - a potion of cancellation {unknown}
 l - a potion of degeneration {unknown}
 m - a potion of resistance {unknown}
 n - 2 potions of brilliance {unknown}
 p - 2 potions of heal wounds {unknown}
 q - a potion of mutation {unknown}
 v - a potion of ambrosia {unknown}


   Skills:
 - Level 3.0 Fighting
 + Level 2.2 Short Blades
 - Level 4.0 Dodging
 - Level 3.2 Stealth
 * Level 6.1 Spellcasting


You couldn't memorise any spells.
You knew the following spells:

 Your Spells              Type           Power      Damage    Failure   Level
a - Magic Dart            Conj           100%       1d8       1%          1
b - Searing Ray           Conj           64%        2d6       1%          2
c - Dazzling Flash        Conj/Hex       64%        N/A       2%          3
d - Fulminant Prism       Conj/Hex       16%        3d11      8%          4
e - Iskenderun's Mystic   Conj/Tloc      32%        2d8       8%          4
f - Sandblast             Erth           64%        2d14      1%          1
g - Poisonous Vapours     Pois/Air       64%        N/A       1%          2
h - Wereblood             Tmut           32%        N/A       1%          2
Your spell library was empty.

Dungeon Overview and Level Annotations

Branches:
Dungeon (6/15)
 Temple: D:4-7

Altars:
Nemelex Xobeh
Yredelemnul

Shops:
D:5 :

Annotations:
D:4 1 runed translucent door


Innate Abilities, Weirdness & Mutations

You are a tree.
Your roots penetrate the ground, keeping you stationary.
You cannot be teleported.
You are immune to unholy pain and torment.
Your maximum health is greatly increased.
Your equipment is partially melded.
You are immune to sickness and miasma.
You are immune to poison.
((Your flesh is very heat resistant. (rF++)))
((You are vulnerable to cold. (rC-)))
You float through the air rather than walking.
You learn spells naturally, not from books.
Your magical power is your life essence.
You have superior vitality. (+4 MHP)


Message History

The sky beast hits you.
* * * LOW HITPOINT WARNING * * *
The sky beast shocks you.
* * * LOW HITPOINT WARNING * * *
Okay, then.
It was a potion of lignification.
You turn into a tree.
Your +0 leather armour melds into your body.
Your roots penetrate the ground.
You feel strangely stable. The gnoll hits you but does no damage.
The gnoll sergeant hits you but does no damage.
The sky beast hits you but does no damage.
It was a potion of curing.
You feel better. The gnoll hits you but does no damage.
The gnoll sergeant hits you but does no damage.
The sky beast hits you.
* * * LOW HITPOINT WARNING * * *
The sky beast shocks you.
* * * LOW HITPOINT WARNING * * *
You feel better. The gnoll hits you but does no damage.
The gnoll sergeant hits you but does no damage.
The sky beast hits you but does no damage.
Casting: Magic Dart (safe; 1% risk of failure)
Confirm with . or Enter, or press ? or * to list all spells.
Okay, then.
You hit the gnoll.
The gnoll is poisoned.
The gnoll is lightly wounded.
The gnoll hits you but does no damage.
The gnoll sergeant hits you but does no damage.
The sky beast hits you but does no damage.
You closely miss the gnoll.
The gnoll is moderately wounded.
The gnoll hits you but does no damage.
The gnoll sergeant hits you with a +4 spear of flaming.
* * * LOW HITPOINT WARNING * * *
The gnoll sergeant burns you.
* * * LOW HITPOINT WARNING * * *
The sky beast hits you but does no damage.
You barely miss the gnoll sergeant. The gnoll hits you but does no damage.
The gnoll sergeant hits you with a +4 spear of flaming!
You die...

#.....#####.##
#....## ### .....#
....## #### ....#
##..# #..## #...###
#### #.....##
##..#.)g## #####
##..####♣g#
....#####....###Y##
.................#
#.....##....##..##
##...####..######
##.....#..##
#........)#
..####....# #####
.## ##.♣)# ##>..##


You could see a sky beast, a gnoll sergeant and a gnoll (poisoned).

Vanquished Creatures
  Grinder (D:4)
  Edmund (D:4)
  A centaur (D:5)
  2 scorpions
  5 hounds
  A jelly (D:4)
  An iguana (D:5)
  2 orc wizards (D:5)
  A gnoll (D:5)
  8 adders
  A shadow imp (D:5)
  An ufetubus (D:4)
  An adder zombie (D:3)
  3 worms
  A dart slug (D:1)
  6 orcs
  10 ball pythons
  5 endoplasms
  4 giant cockroaches
  8 goblins
  4 hobgoblins
  8 jackals
  4 quokkas
  4 bats (D:1)
  2 frilled lizards
  14 kobolds
  A kobold zombie (D:4)
  4 rats
104 creatures vanquished.

Vanquished Creatures (others)
  A fulminant prism (D:4)
1 creature vanquished.

Grand Total: 105 creatures vanquished

Notes
Turn   | Place    | Note
-------+----------+-------------------------------------------
     0 | D:1      | om the Djinni Conjurer began the quest for the Orb.
     0 | D:1      | om set off with the following spells memorised: Magic Dart,
                  | Searing Ray, Dazzling Flash, Fulminant Prism, Iskenderun's
                  | Mystic Blast.
     0 | D:1      | Reached XP level 1. HP: 15/15 MP: 0/0
   411 | D:1      | Reached XP level 2. HP: 16/21 MP: 0/0
  1147 | D:1      | Reached XP level 3. HP: 17/25 MP: 0/0
  1147 | D:1      | Learned a level 1 spell: Sandblast
  1677 | D:2      | Reached skill level 4 in Spellcasting
  1740 | D:2      | Reached XP level 4. HP: 24/31 MP: 0/0
  3293 | D:3      | Reached XP level 5. HP: 32/35 MP: 0/0
  3293 | D:3      | Learned a level 2 spell: Poisonous Vapours
  3868 | D:3      | Reached skill level 1 in Short Blades
  3868 | D:3      | Found a sparkling altar of Nemelex Xobeh.
  3953 | D:3      | Reached XP level 6. HP: 39/41 MP: 0/0
  4532 | D:4      | Found a runed translucent door.
  4532 | D:4      | Noticed a human
  4532 | D:4      | Noticed Grinder
  4556 | D:4      | Noticed Edmund
  4570 | D:4      | Reached skill level 1 in Fighting
  4587 | D:4      | Killed Edmund
  4588 | D:4      | Reached skill level 5 in Spellcasting
  4588 | D:4      | Reached XP level 7. HP: 26/47 MP: 0/0
  4588 | D:4      | Learned a level 2 spell: Wereblood
  4817 | D:4      | Killed Grinder
  5076 | D:4      | Found a basalt altar of Yredelemnul.
  5263 | D:5      | Entered Level 5 of the Dungeon
  5491 | D:5      | Found Aski's Book Shoppe.
  5503 | D:5      | Reached XP level 8. HP: 23/55 MP: 0/0
  6287 | D:5      | Reached skill level 6 in Spellcasting
  7300 | D:5      | HP: 1/56 [sky beast (5)]
  7306 | D:5      | Slain by a gnoll sergeant

Illustrated notes

Levels and vault maps discovered:
D:1:      dpeg_arrival_tiny_a, layout_loops_cross
D:2:      layout_loops_cross, grunt_ministairs_13
D:3:      minmay_evil_eye, layout_rooms, grunt_temple_overflow_open,
          serial_undead, serial_undead_f, serial_undead_b, serial_undead_e,
          serial_undead_c
D:4:      layout_rooms, dk_yredelemnul_ordeal, mainiacjoe_overflow_brackets,
          grunt_decor_clamped, saegor_snake_ambush, uniq_edmund, uniq_grinder
D:5:      layout_layer_cave, serial_shops, nicolae_shop_trees
D:6:      layout_basic, good_gods_mini_temple, minmay_temple_entry_proselytizer,
          uniq_duvessa, uniq_blork_the_orc, uniq_eustachio

Skill      XL: |  1  2  3  4  5  6  7  8 |
---------------+-------------------------+-----
Spellcasting   | 4 5 6 |  6.1
Stealth        | 2 3 |  3.2
Short Blades   | 1 2 |  2.2
Dodging        | 3 4 |  4.0
Fighting       | 1 2 3 |  3.0

Action                   |  1- 3 |  4- 6 |  7- 9 || total
-------------------------+-------+-------+-------++-------
Melee: Dagger            |    19 |    22 |    41 ||    82
 Cast: Magic Dart        |    42 |   110 |    29 ||   181
       Searing Ray       |     4 |     7 |     7 ||    18
       Poisonous Vapours |       |     1 |     2 ||     3
       Fulminant Prism   |       |     1 |       ||     1
  Use: Scroll            |       |     1 |     5 ||     6
       Potion            |       |       |     3 ||     3
 Stab: Sleeping          |       |     1 |       ||     1
Armor: Robe              |    10 |     4 |     2 ||    16
       Skin              |       |       |    14 ||    14
       Leather armour    |       |       |     9 ||     9
Dodge: Dodged            |    26 |    23 |    39 ||    88
